 Dungeon Crawl Stone Soup version 0.23.2-1-ga50397a (webtiles) character file.

Game seed: 7732472673958983672

214 MalarOregon the Ruffian (level 5, -8/45 HPs)
             Began as a Ghoul Gladiator on June 2, 2019.
             Killed from afar by an orc wizard (11 damage)
             ... with a puff of flame
             ... on level 3 of the Dungeon.
             The game lasted 00:03:21 (1937 turns).

MalarOregon the Ruffian (Ghoul Gladiator)           Turns: 1937, Time: 00:03:22

Health: -8/45      AC:  4    Str: 18    XL:     5   Next: 92%
Magic:  4/4        EV: 12    Int:  4    God:
Gold:   139        SH:  0    Dex: 10    Spells: 4/4 levels left

rFire    . . .     SeeInvis .     - Unarmed
rCold    + . .     Gourm    .   (no shield)
rNeg     + + +     Faith    .   a - +0 leather armour
rPois    ∞         Spirit   .   b - +0 helmet
rElec    .         Reflect  .   (no cloak)
rCorr    .         Harm     .   (no gloves)
MR       .....                  (no boots)
Stlth    ++........             (no amulet)
HPRegen  0.00/turn              (no ring)
MPRegen  0.09/turn              (no ring)

@: rotting
A: rotting body, claws 1, carnivore, cold resistance 1, negative energy
resistance 3, inhibited regeneration, torment resistance, unbreathing
a: no special abilities


You were on level 3 of the Dungeon.
You were not hungry.

You visited 1 branch of the dungeon, and saw 3 of its levels.

You collected 139 gold pieces.

Inventory:

Missiles
 c - 3 throwing nets (quivered) {!f}
Armour
 a - a +0 leather armour (worn)
 b - a +0 helmet (worn)
 o - a +0 cloak
   (You found it on level 2 of the Dungeon)
Jewellery
 l - an uncursed amulet of rage {unknown}
   (You found it on level 2 of the Dungeon)
Scrolls
 f - 2 scrolls of remove curse {unknown}
 g - 4 scrolls of identify {unknown}
 i - a scroll of enchant armour {unknown}
 m - a scroll of random uselessness {unknown}
Potions
 h - a potion of heal wounds {unknown}
 j - a potion of haste {unknown}
 k - a potion of agility {unknown}
 n - a potion of curing {@q1}
Comestibles
 d - 2 chunks of flesh
 e - 4 rations {!d}


   Skills:
 + Level 3.6 Fighting
 + Level 3.0 Throwing
 - Level 3.0 Dodging
 + Level 2.9 Stealth
 + Level 4.4 Unarmed Combat


You had 4 spell levels left.
You didn't know any spells.
Your spell library contained the following spells:

 Spells                   Type           Power        Failure   Level  Hunger
 Sticks to Snakes         Tmut           #.......     71%         2    ###....
 Beastly Appendage        Tmut           Unusable     N/A         1    N/A
 Spider Form              Tmut/Pois      Unusable     N/A         3    N/A
 Ice Form                 Ice/Tmut       Unusable     N/A         4    N/A
 Blade Hands              Tmut           Unusable     N/A         5    N/A

Dungeon Overview and Level Annotations

Branches:
Dungeon (3/15)

Altars:
Nemelex Xobeh


Innate Abilities, Weirdness & Mutations

Your body is rotting away.
You thrive on raw meat.
You are immune to poison.
You have sharp fingernails.
You are carnivorous and can eat meat at any time.
Your flesh is cold resistant. (rC+)
You are immune to negative energy. (rN+++)
You do not regenerate when monsters are visible.
You are immune to unholy pain and torment.
You can survive without breathing.


Message History

You kill the jackal!
You hear some strange, mumbled words.
A puff of frost appears from out of thin air!
Deactivating autopickup; reactivate with Ctrl-A.
The puff of frost hits you. You resist.
Unknown command.
You closely miss something. Something hits you but does no damage.
You closely miss something. Something hits you but does no damage.
The orc hits you from afar with a +0 trident.
* * * LOW HITPOINT WARNING * * *
Unknown command.
You are too injured to fight recklessly!
Unknown command.
You are too injured to fight recklessly!
You are too injured to fight recklessly!
Unknown command.
Unknown command.
You closely miss something. Something hits you but does no damage.
The orc misses you. Something hits you.
* * * LOW HITPOINT WARNING * * *
Unknown command.
Okay, then.
Okay, then.
You miss something.
You hear some strange, mumbled words.
A puff of flame appears from out of thin air!
The puff of flame hits you.
* * * LOW HITPOINT WARNING * * *
The orc barely misses you. Something hits you but does no damage.
You scratch something. Something hits you but does no damage.
The orc hits you from afar with a +0 trident.
* * * LOW HITPOINT WARNING * * *
Unknown command.
You hear some strange, mumbled words.
A puff of flame appears from out of thin air!
The puff of flame hits you!
* * * LOW HITPOINT WARNING * * *
Something hits you.
* * * LOW HITPOINT WARNING * * *
There is a stone staircase leading up here.
You hear some strange, mumbled words.
A puff of flame appears from out of thin air!
The puff of flame hits you!
You die...

#.# ##...##.###..###
#.# ###....###..# #.#
####.....## #.##
########...#.#
#..#####........#...##
##.##....######.##...#
#....#### #.###..###
##.###########.#
##÷÷.. #.o..@..)..##.#
#.##.
#.########.##.####.#..
#.# #............ #o#
####.#####..# #.# #.#
..# #o# #.# ..# #r#
#.# ..# #.# #.# ..#
.l. #.# g.#


You could see an orc.

Vanquished Creatures
  2 orc wizards (D:3)
  Robin (D:2)
  5 adders
  3 worms (D:2)
  3 dart slugs
  A leopard gecko (D:1)
  4 orcs (D:3)
  12 hobgoblins
  11 jackals
  2 ball pythons (D:1)
  5 bats
  2 frilled lizards
  14 goblins
  2 kobolds (D:1)
  9 rats
76 creatures vanquished.

Vanquished Creatures (others)
  An orc wizard (D:3)
1 creature vanquished.

Grand Total: 77 creatures vanquished

Notes
Turn   | Place    | Note
-------+----------+-------------------------------------------
     0 | D:1      | MalarOregon the Ghoul Gladiator began the quest for the
                  | Orb.
     0 | D:1      | Reached XP level 1. HP: 17/17 MP: 0/0
   115 | D:1      | Reached XP level 2. HP: 25/25 MP: 1/1
   364 | D:1      | Reached skill level 1 in Stealth
   482 | D:1      | Reached XP level 3. HP: 27/30 MP: 2/2
   700 | D:2      | Found a sparkling altar of Nemelex Xobeh.
   723 | D:2      | Noticed Robin
   729 | D:2      | Killed Robin
   751 | D:2      | Reached XP level 4. HP: 27/37 MP: 3/3
   985 | D:2      | Reached skill level 4 in Unarmed Combat
  1071 | D:2      | Reached XP level 5. HP: 34/45 MP: 4/4
  1104 | D:2      | Found a faded altar of an unknown god.
  1937 | D:3      | Killed from afar by an orc wizard

Skill      XL: |  1  2  3  4  5 |
---------------+----------------+-----
Throwing       | 2 3 |  3.0
Stealth        | 1 2 |  2.9
Dodging        | 3 |  3.0
Fighting       | 3 |  3.6
Unarmed Combat | 4 |  4.4

Action                   |  1- 3 |  4- 6 || total
-------------------------+-------+-------++-------
Melee: Unarmed           |    91 |   119 ||   210
 Stab: Sleeping          |     1 |     3 ||     4
  Eat: Chunk             |     7 |    12 ||    19
Armor: Leather armour    |    22 |    28 ||    50
Dodge: Dodged            |    46 |    58 ||   104
